 Seeded DCSS version 0.28.0-53-g5a82cb258f (webtiles) character file.

Game seed: 17327194169913625088 (custom seed)

189 Kranky the Shield-Bearer (level 5, -1/41 HPs)
             Began as a Gnoll Wanderer on June 24, 2022.
             Slain by Pikel
             ... wielding a +0 whip of flaming
              (6 damage)
             ... on level 4 of the Dungeon.
             The game lasted 00:05:01 (4589 turns).

Kranky the Shield-Bearer (Gnoll Wanderer)           Turns: 4589, Time: 00:05:02

Health: -1/41      AC:  5    Str: 15    XL:     5   Next: 68%
Magic:  12/12      EV: 16    Int: 12    God:
Gold:   81         SH:  7    Dex:  9    Spells: 13/14 levels left

rFire   . . .      SeeInvis .   e - +1 dagger (venom)
rCold   . . .      Faith    .   d - +2 buckler
rNeg    . . .      Spirit   .   c - +0 leather armour
rPois   .          Reflect  .   (no helmet)
rElec   .          Harm     .   (no cloak)
rCorr   .          Rampage  .   n - +0 pair of gloves
Will    .....                   b - +0 pair of boots
Stlth   +.........              (no amulet)
HPRegen 0.13/turn               r - +4 ring of evasion
MPRegen 0.13/turn               (no ring)

@: no status effects
A: fangs 1, strong nose, distributed training
a: no special abilities


You were on level 4 of the Dungeon.
You visited 1 branch of the dungeon, and saw 4 of its levels.

You collected 81 gold pieces.

Inventory:

Hand Weapons
 e - a +1 dagger of venom (weapon)
 p - a +0 dagger of freezing
Armour
 b - a +0 pair of boots (worn)
 c - a +0 leather armour (worn)
 d - a +2 buckler (worn)
 n - a +0 pair of gloves (worn)
Jewellery
 r - a +4 ring of evasion (left hand)
Scrolls
 f - 3 scrolls of blinking {unknown}
 g - a scroll of amnesia {unknown}
 i - 2 scrolls of identify {unknown}
 j - a scroll of enchant armour {unknown}
 l - a scroll of vulnerability {unknown}
 q - a scroll of fog {unknown}
 s - a scroll of brand weapon {unknown}
 t - a scroll of noise {unknown}
Potions
 a - a potion of flight {unknown}
 h - a potion of ambrosia {unknown}
 k - a potion of brilliance {unknown}
 m - a potion of cancellation {unknown}
 o - a potion of invisibility {unknown}
 u - a potion of magic {unknown}


   Skills:
 + Level 3.0 Fighting
 + Level 1.6 Short Blades
 + Level 1.6 Long Blades
 + Level 1.6 Axes
 + Level 1.6 Maces & Flails
 + Level 1.6 Polearms
 + Level 1.6 Staves
 + Level 1.6 Slings
 + Level 1.6 Bows
 + Level 1.6 Crossbows
 + Level 1.6 Throwing
 + Level 3.0 Armour
 + Level 4.8 Dodging
 + Level 1.6 Stealth
 + Level 6.7 Shields
 + Level 1.6 Unarmed Combat
 + Level 5.2 Spellcasting
 + Level 1.2 Conjurations
 + Level 2.4 Hexes
 + Level 1.2 Summonings
 + Level 1.2 Necromancy
 + Level 1.2 Translocations
 + Level 1.2 Transmutations
 + Level 1.2 Fire Magic
 + Level 1.2 Ice Magic
 + Level 1.2 Air Magic
 + Level 1.2 Earth Magic
 + Level 1.2 Poison Magic
 + Level 1.8 Invocations
 + Level 1.6 Evocations


You had 13 spell levels left.
You knew the following spells:

 Your Spells              Type           Power      Damage    Failure   Level
a - Slow                  Hex            36%        N/A       11%         1

Your spell library contained the following spells:

 Spells                   Type           Power      Damage    Failure   Level
 Foxfire                  Conj/Fire      24%        2x1d5     19%         1
 Confusing Touch          Hex            9%         N/A       32%         3
 Inner Flame              Hex/Fire       7%         N/A       38%         3
 Conjure Flame            Conj/Fire      6%         6-21      47%         3
 Flame Wave               Conj/Fire      6%         2d5       87%         4
 Fireball                 Conj/Fire      3%         3d4       99%         5
 Starburst                Conj/Fire      3%         6d3       100%        6
 Ignition                 Fire           3%         3d4       100%        8


Dungeon Overview and Level Annotations

Branches:
Dungeon (4/15)
 Temple: D:4-7

Altars:
Cheibriados
Dithmenos

Shops:
D:2 !

Annotations:
D:3 2 transporters, Cheops's ghost, amateur OpCj
D:4 2 runed translucent doors, Pikel


Innate Abilities, Weirdness & Mutations

You have very sharp teeth.
Your uncanny sense of smell can sniff out nearby items.
Your experience applies equally to all skills.


Message History

Pikel is lightly wounded.
The quokka completely misses you.
A lemure comes into view.
Pikel barely misses you. You block the quokka's attack.
You hit Pikel.
Pikel looks as sick as possible!
Pikel is lightly wounded.
Pikel misses you. The quokka barely misses you.
You barely miss Pikel.
Pikel is moderately wounded.
Pikel hits you with a +0 whip of flaming.
Pikel burns you. The quokka misses you.
You hit Pikel.
Pikel looks as sick as possible!
Pikel is moderately wounded.
You block the quokka's attack.
Pikel hits you with a +0 whip of flaming!
Pikel burns you.
You hit Pikel but do no damage.
Pikel looks as sick as possible!
Your bite misses Pikel.
Pikel is heavily wounded.
The quokka bites you but does no damage.
Pikel hits you but does no damage.
You hit Pikel.
Pikel looks as sick as possible!
Pikel is severely wounded.
The quokka barely misses you. Pikel misses you.
You hit Pikel but do no damage.
Pikel is severely wounded.
The quokka closely misses you. Pikel misses you.
You hit Pikel but do no damage.
Pikel looks as sick as possible!
Pikel is almost dead.
The quokka completely misses you.
Pikel hits you with a +0 whip of flaming!
* * * LOW HITPOINT WARNING * * *
Pikel burns you.
* * * LOW HITPOINT WARNING * * *
The quokka barely misses you.
You miss Pikel.
Pikel is almost dead.
The quokka misses you.
Pikel hits you with a +0 whip of flaming.
You die...

.5# #..# #.# . .# .#######.
..# #..# #.# ...∆. ..... ...
#.# # ∆# #.# #.#.#.##.#.# #..
#.# #.## .....##.#.# #.. #.##
##..#### #......#.###..
#..########....#.#
#..##.........
#.....5.5....#5#.#
#......#.#.##.
####.###...#.#5r.#
#..##.##.#.##.
#.....###.###@###..##[##.#.###
#####.....# #.K5...##.##....
####### ######....##.#.#
#######....∆ #####


You could see Pikel (extremely poisoned), 3 lemures and a quokka.

Vanquished Creatures
  Natasha (thrice) (D:2)
  2 adders
  An adder skeleton (D:2)
  An adder zombie (D:2)
  A worm (D:3)
  2 dart slugs
  7 orcs
  7 bats
  A bat skeleton (D:2)
  4 endoplasms
  3 giant cockroaches
  9 goblins
  9 hobgoblins
  5 kobolds
  3 quokkas
  4 ball pythons
  3 frilled lizards
  A jackal skeleton (D:2)
  A jackal zombie (D:2)
  A quokka zombie (D:2)
  7 rats
75 creatures vanquished.

Vanquished Creatures (others)
  6 withered plants (D:2)
6 creatures vanquished.

Grand Total: 81 creatures vanquished

Notes
Turn   | Place    | Note
-------+----------+-------------------------------------------
     0 | D:1      | Kranky the Gnoll Wanderer began the quest for the Orb.
     0 | D:1      | Kranky set off with the following items: a +0 club, a +0
                  | pair of boots, a +0 leather armour, a +2 buckler; and the
                  | following spell memorised: Slow; and the following spells
                  | available to memorise: Confusing Touch
     0 | D:1      | Reached XP level 1. HP: 17/17 MP: 6/6
   437 | D:1      | Reached XP level 2. HP: 23/23 MP: 7/7
   686 | D:1      | Found a faded altar of an unknown god.
  1042 | D:1      | Reached XP level 3. HP: 28/28 MP: 9/9
  1268 | D:2      | Reached skill level 5 in Spellcasting
  1448 | D:2      | Reached skill level 1 in Invocations
  1531 | D:2      | Reached skill level 1 in Short Blades
  1531 | D:2      | Reached skill level 1 in Long Blades
  1531 | D:2      | Reached skill level 1 in Axes
  1531 | D:2      | Reached skill level 1 in Maces & Flails
  1531 | D:2      | Reached skill level 1 in Polearms
  1531 | D:2      | Reached skill level 1 in Staves
  1531 | D:2      | Reached skill level 1 in Slings
  1531 | D:2      | Reached skill level 1 in Bows
  1531 | D:2      | Reached skill level 1 in Crossbows
  1531 | D:2      | Reached skill level 1 in Throwing
  1531 | D:2      | Reached skill level 1 in Stealth
  1531 | D:2      | Reached skill level 1 in Unarmed Combat
  1531 | D:2      | Reached skill level 1 in Evocations
  1699 | D:2      | Reached XP level 4. HP: 29/34 MP: 11/11
  1907 | D:2      | Found Onyum's Distillery.
  1917 | D:2      | Found a snail-covered altar of Cheibriados.
  2154 | D:2      | Noticed Natasha
  2169 | D:2      | Killed Natasha
  2170 | D:2      | Reached skill level 1 in Conjurations
  2170 | D:2      | Reached skill level 1 in Summonings
  2170 | D:2      | Reached skill level 1 in Necromancy
  2170 | D:2      | Reached skill level 1 in Translocations
  2170 | D:2      | Reached skill level 1 in Transmutations
  2170 | D:2      | Reached skill level 1 in Fire Magic
  2170 | D:2      | Reached skill level 1 in Ice Magic
  2170 | D:2      | Reached skill level 1 in Air Magic
  2170 | D:2      | Reached skill level 1 in Earth Magic
  2170 | D:2      | Reached skill level 1 in Poison Magic
  2321 | D:2      | Noticed Natasha
  2333 | D:2      | Killed Natasha
  2334 | D:2      | Reached XP level 5. HP: 30/40 MP: 12/12
  2469 | D:2      | Noticed Natasha
  2482 | D:2      | Killed Natasha
  2653 | D:2      | Found a snail-covered altar of Cheibriados.
  2660 | D:2      | Found Onyum's Distillery.
  3162 | D:3      | Found a transporter.
  3162 | D:3      | Noticed Cheops's ghost (amateur OpCj)
  3187 | D:3      | Found a shadowy altar of Dithmenos.
  3743 | D:3      | Found a transporter.
  4540 | D:4      | Found a large runed translucent door.
  4541 | D:4      | Found a large runed translucent door.
  4547 | D:4      | Noticed a lemure
  4547 | D:4      | Noticed a lemure
  4548 | D:4      | Noticed Pikel
  4581 | D:4      | Noticed a lemure
  4589 | D:4      | Slain by Pikel

Illustrated notes

Levels and vault maps discovered:
D:1:      onia_arrival_mini_maze, layout_loops_ring,
          ebering_ecumenical_altar_box, serial_forest,
          infiniplex_forest_lined_corner, infiniplex_forest_straight_1,
          infiniplex_forest_lined_3, infiniplex_forest_straight_1,
          infiniplex_forest_lined_2, infiniplex_forest_straight_3,
          infiniplex_forest_straight_3, infiniplex_forest_lined_room_,
          infiniplex_forest_clump_diagonal
D:2:      layout_loops_ring, serial_undead, serial_undead_a, serial_undead_b,
          serial_undead_e, serial_undead_a, basic_altar, serial_shops,
          nicolae_shop_hallway_stairs, uniq_natasha
D:3:      layout_loops_corners, grunt_dithmenos_smoke,
          gammafunk_ghost_stat_death
D:4:      layout_basic, jmf_multi_god_temple2,
          nicolae_gozag_cash_rules_everything_around_me, uniq_pikel

Skill      XL: |  1  2  3  4  5 |
---------------+----------------+-----
Hexes          | 2 |  2.4
Spellcasting   | 5 |  5.2
Invocations    | 1 |  1.8
Short Blades   | 1 |  1.6
Long Blades    | 1 |  1.6
Axes           | 1 |  1.6
Maces & Flails | 1 |  1.6
Polearms       | 1 |  1.6
Staves         | 1 |  1.6
Slings         | 1 |  1.6
Bows           | 1 |  1.6
Crossbows      | 1 |  1.6
Throwing       | 1 |  1.6
Stealth        | 1 |  1.6
Unarmed Combat | 1 |  1.6
Evocations     | 1 |  1.6
Conjurations   | 1 |  1.2
Summonings     | 1 |  1.2
Necromancy     | 1 |  1.2
Translocations | 1 |  1.2
Transmutations | 1 |  1.2
Fire Magic     | 1 |  1.2
Ice Magic      | 1 |  1.2
Air Magic      | 1 |  1.2
Earth Magic    | 1 |  1.2
Poison Magic   | 1 |  1.2
Fighting       | 3 |  3.0
Armour         | 3 |  3.0
Dodging        | |  4.8
Shields        | |  6.7

Action                   |  1- 3 |  4- 6 || total
-------------------------+-------+-------++-------
Melee: Dagger            |   124 |   158 ||   282
       Club              |     7 |       ||     7
       Bite              |    17 |    15 ||    32
 Cast: Slow              |     2 |       ||     2
 Stab: Sleeping          |       |     2 ||     2
Armor: Leather armour    |    29 |    34 ||    63
Dodge: Dodged            |    72 |   105 ||   177
Block: Buckler           |    46 |    53 ||    99
